BR
SANTA CLARITA MUSIC @ YELLOWKNIFE CLAWS
07/22/2026
 
TOP OF THE 1ST
Santa Clarita Music batting - Pitching for Yellowknife Claws : LHP Stanley Wise
Pitching: LHP Stanley Wise
Batting: RHB Art Cameron 0-0: Called Strike
0-1: Foul Ball, location: 2F
0-2: Strikes out swinging
Batting: RHB Travis Colbert 0-0: Called Strike
0-1: Swinging Strike
0-2: Strikes out swinging
Batting: LHB Rubén Salazar 0-0: Foul Ball, location: 2F
0-1: Ball
1-1: Ball
2-1: Fly out, F5 (Popup, 5F)
Top of the 1st over - 0 run(s), 0 hit(s), 0 error(s), 0 left on base; Santa Clarita 0 - Yellowknife 0
BOTTOM OF THE 1ST
Yellowknife Claws batting - Pitching for Santa Clarita Music : RHP Dusty Smith
Pitching: RHP Dusty Smith
Batting: SHB José Castillo 0-0: Ball
1-0: Called Strike
1-1: Foul Ball, location: 2F
1-2: Ball
2-2: Foul Ball, location: 2F
2-2: Ball
3-2: Strikes out swinging
Batting: RHB José Balina 0-0: Swinging Strike
0-1: Ball
1-1: Swinging Strike
1-2: SINGLE (Line Drive, 56)
Batting: RHB Carlos Uribe 0-0: SINGLE (Groundball, 6MD)
José Balina to second
Batting: RHB Cris Lugo 0-0: Fielders Choice at 2nd, U6 (Groundball, 6M)
José Balina to third
Batting: RHB Scotty Hicks 0-0: Called Strike
0-1: Ball
1-1: Ball
2-1: Fly out, F9 (Flyball, 9M)
Bottom of the 1st over - 0 run(s), 2 hit(s), 0 error(s), 2 left on base; Santa Clarita 0 - Yellowknife 0
TOP OF THE 2ND
Santa Clarita Music batting - Pitching for Yellowknife Claws : LHP Stanley Wise
Batting: RHB Steve Burton 0-0: Foul Ball, location: 2F
0-1: SINGLE (Groundball, 56D)
Batting: RHB António Martínez 0-0: Ball
1-0: Foul Ball, location: 2F
1-1: Fly out, F7 (Flyball, 7M)
Batting: RHB Ricardo González 0-0: Ball
1-0: Called Strike
1-1: Fly out, F9 (Flyball, 8RM)
Batting: RHB Adam Gentry 0-0: Called Strike
0-1: Ball
1-1: Called Strike
1-2: Strikes out swinging
Top of the 2nd over - 0 run(s), 1 hit(s), 0 error(s), 1 left on base; Santa Clarita 0 - Yellowknife 0
BOTTOM OF THE 2ND
Yellowknife Claws batting - Pitching for Santa Clarita Music : RHP Dusty Smith
Batting: LHB Howard White 0-0: Ground out 4-3 (Groundball, 34)
Batting: RHB Bob Bishop 0-0: Ball
1-0: Ground out 5-3 (Groundball, 56)
Batting: RHB Alan Williams 0-0: Ball
1-0: Foul Ball, location: 2F
1-1: Fly out, F8 (Flyball, 8LM)
Bottom of the 2nd over - 0 run(s), 0 hit(s), 0 error(s), 0 left on base; Santa Clarita 0 - Yellowknife 0
TOP OF THE 3RD
Santa Clarita Music batting - Pitching for Yellowknife Claws : LHP Stanley Wise
Batting: RHB Rickey Núńez 0-0: Ball
1-0: Swinging Strike
1-1: Fly out, F8 (Flyball, 8LM)
Batting: RHB Jake Belcher 0-0: Bunt for hit - play at first, batter safe!
Batting: RHB Art Cameron 0-0: Ball
Jake Belcher steals 2nd base
1-0: Called Strike
1-1: Foul Ball, location: 2F
1-2: Ball
2-2: SINGLE (Groundball, 6MD)
Jake Belcher to third
Runner from 3rd tries for Home, SAFE, no throw or cutoff
Batting: RHB Travis Colbert 0-0: Ball
1-0: Foul Ball, location: 2F
1-1: Ball
2-1: Foul Ball, location: 2F
2-2: Ball
Art Cameron steals 2nd base
3-2: Fly out, F9 (Flyball, 89M)
Batting: LHB Rubén Salazar 0-0: SINGLE (Line Drive, 9S)
Art Cameron to third
Batting: RHB Steve Burton 0-0: Ball
1-0: Ball
2-0: Fielders Choice at 2nd, U6 (Groundball, 6M)
Top of the 3rd over - 1 run(s), 3 hit(s), 0 error(s), 2 left on base; Santa Clarita 1 - Yellowknife 0
BOTTOM OF THE 3RD
Yellowknife Claws batting - Pitching for Santa Clarita Music : RHP Dusty Smith
Batting: RHB Fernando Álvarez 0-0: Ball
1-0: Foul Ball, location: 2F
1-1: Bunt for hit - play at first, batter safe!
Batting: SHB José Castillo 0-0: Ball
1-0: Fly out, F4 (Popup, 4M)
Batting: RHB José Balina 0-0: Ball
1-0: Ball
2-0: Foul Ball, location: 2F
2-1: Foul Ball, location: 2F
2-2: Ball
3-2: Base on Balls
Fernando Álvarez to second
Batting: RHB Carlos Uribe 0-0: Ball
1-0: Called Strike
1-1: Ball
2-1: Foul Ball, location: 2F
2-2: Foul Ball, location: 2F
2-2: SINGLE (Line Drive, 4MD)
Fernando Álvarez to third
José Balina to second
Runner from 3rd tries for Home, SAFE, no throw or cutoff
Batting: RHB Cris Lugo 0-0: Fielders Choice at 2nd, 6-4 (Groundball, 6)
José Balina to third
Batting: RHB Scotty Hicks 0-0: Called Strike
0-1: Foul Ball, location: 2F
0-2: Ball
1-2: Ball
2-2: Ball
3-2: SINGLE (Line Drive, 8LS)
José Balina scores
Cris Lugo to second
Cris Lugo to third
Batting: LHB Howard White 0-0: Ball
1-0: Called Strike
1-1: Ball
2-1: Ground out 4-3 (Groundball, 4)
Bottom of the 3rd over - 2 run(s), 3 hit(s), 0 error(s), 2 left on base; Santa Clarita 1 - Yellowknife 2
TOP OF THE 4TH
Santa Clarita Music batting - Pitching for Yellowknife Claws : LHP Stanley Wise
Batting: RHB António Martínez 0-0: Ball
1-0: Foul Ball, location: 2F
1-1: Ball
2-1: Ground out 4-3 (Groundball, 4)
Batting: RHB Ricardo González 0-0: Ball
1-0: Called Strike
1-1: Ball
2-1: Ground out 6-3 (Groundball, 6)
Batting: RHB Adam Gentry 0-0: Ball
1-0: Ball
2-0: Ball
3-0: Called Strike
3-1: Reached on error, E1 (Groundball, 15S)
Pitching: RHP Mario Díaz
Batting: RHB Rickey Núńez 0-0: Called Strike
0-1: Fly out, F3 (Popup, 3DF)
Top of the 4th over - 0 run(s), 0 hit(s), 1 error(s), 1 left on base; Santa Clarita 1 - Yellowknife 2
BOTTOM OF THE 4TH
Yellowknife Claws batting - Pitching for Santa Clarita Music : RHP Dusty Smith
Batting: RHB Bob Bishop 0-0: Ball
1-0: Foul Ball, location: 2F
1-1: Ball
2-1: Ball
3-1: SINGLE (Groundball, 6MD)
Batting: RHB Alan Williams 0-0: Grounds into double play, 6-4-3 (Groundball, 6)
Batting: RHB Fernando Álvarez 0-0: Called Strike
0-1: DOUBLE (Line Drive, 7LM)
Batting: SHB José Castillo 0-0: Called Strike
0-1: Foul Ball, location: 2F
0-2: Foul Ball, location: 2F
0-2: Ball
1-2: SINGLE (Line Drive, 89M)
Fernando Álvarez to third
Runner from 3rd tries for Home, SAFE, no throw or cutoff
Batting: RHB José Balina 0-0: Ball
1-0: Called Strike
1-1: 2-RUN HOME RUN (Line Drive, 7D), Distance : 391 ft
Batting: RHB Carlos Uribe 0-0: Ball
1-0: Swinging Strike
1-1: Ball
2-1: Fly out, F5 (Popup, 5F)
Bottom of the 4th over - 3 run(s), 4 hit(s), 0 error(s), 0 left on base; Santa Clarita 1 - Yellowknife 5
TOP OF THE 5TH
Santa Clarita Music batting - Pitching for Yellowknife Claws : RHP Mario Díaz
Batting: RHB Jake Belcher 0-0: Hit by Pitch
Batting: RHB Art Cameron 0-0: Foul Ball, location: 2F
0-1: DOUBLE (Line Drive, 9LM)
Jake Belcher to third
Batting: RHB Travis Colbert 0-0: Ball
1-0: Foul Ball, location: 2F
1-1: Ball
2-1: Ball
3-1: Foul Ball, location: 2F
3-2: Foul Ball, location: 2F
3-2: Strikes out swinging
Batting: LHB Rubén Salazar 0-0: Ball
1-0: Called Strike
1-1: Foul Ball, location: 2F
1-2: Foul Ball, location: 2F
1-2: Ball
2-2: Ball
3-2: Ground out 4-3 (Groundball, 4)
Jake Belcher scores
Art Cameron to third
Batting: RHB Steve Burton 0-0: Foul Ball, location: 2F
0-1: Ball
1-1: Foul Ball, location: 2F
1-2: Foul Ball, location: 2F
1-2: Foul Ball, location: 2F
1-2: Strikes out swinging
Top of the 5th over - 1 run(s), 1 hit(s), 0 error(s), 1 left on base; Santa Clarita 2 - Yellowknife 5
BOTTOM OF THE 5TH
Yellowknife Claws batting - Pitching for Santa Clarita Music : RHP Dusty Smith
Batting: RHB Cris Lugo 0-0: Ground out 1-3 (Groundball, 13S)
Batting: RHB Scotty Hicks 0-0: Swinging Strike
0-1: Foul Ball, location: 2F
0-2: Ball
1-2: Foul Ball, location: 2F
1-2: Foul Ball, location: 2F
1-2: Foul Ball, location: 2F
1-2: Ball
2-2: Foul Ball, location: 2F
2-2: Ground out 6-3 (Groundball, 4M)
Batting: LHB Howard White 0-0: Foul Ball, location: 2F
0-1: Foul Ball, location: 2F
0-2: Strikes out swinging
Bottom of the 5th over - 0 run(s), 0 hit(s), 0 error(s), 0 left on base; Santa Clarita 2 - Yellowknife 5
TOP OF THE 6TH
Santa Clarita Music batting - Pitching for Yellowknife Claws : RHP Mario Díaz
Batting: RHB António Martínez 0-0: Ball
1-0: Called Strike
1-1: Ball
2-1: Ball
3-1: Swinging Strike
3-2: SINGLE (Line Drive, 8RS)
Batting: RHB Ricardo González 0-0: Called Strike
0-1: Called Strike
0-2: Reached on error, E1 (Groundball, 23)
António Martínez to second
Batting: RHB Adam Gentry 0-0: Called Strike
0-1: Ball
1-1: Foul Ball, location: 2F
1-2: Foul Ball, location: 2F
1-2: Grounds into double play, 6-4-3 (Groundball, 6)
António Martínez to third
Batting: RHB Rickey Núńez 0-0: Foul Ball, location: 2F
0-1: Ball
1-1: Ball
2-1: Swinging Strike
2-2: Fly out, F9 (Flyball, 9M)
Top of the 6th over - 0 run(s), 1 hit(s), 1 error(s), 1 left on base; Santa Clarita 2 - Yellowknife 5
BOTTOM OF THE 6TH
Yellowknife Claws batting - Pitching for Santa Clarita Music : RHP Dusty Smith
Pitching: LHP Jorge Gatán
Batting: RHB Bob Bishop 0-0: Called Strike
0-1: Ground out 5-3 (Groundball, 5)
Batting: RHB Alan Williams 0-0: Foul Ball, location: 2F
0-1: Swinging Strike
0-2: Strikes out swinging
Batting: RHB Fernando Álvarez 0-0: Ball
1-0: Ground out 4-3 (Groundball, 4)
Bottom of the 6th over - 0 run(s), 0 hit(s), 0 error(s), 0 left on base; Santa Clarita 2 - Yellowknife 5
TOP OF THE 7TH
Santa Clarita Music batting - Pitching for Yellowknife Claws : RHP Mario Díaz
Pitching: RHP Stephen Horton
Batting: RHB Jake Belcher 0-0: Called Strike
0-1: SINGLE (Line Drive, 8LS)
Batting: RHB Art Cameron 0-0: Swinging Strike
0-1: Ball
1-1: Ball
2-1: SINGLE (Line Drive, 56)
Jake Belcher to second
Batting: RHB Travis Colbert 0-0: Ball
1-0: Called Strike
1-1: Bunted foul
1-2: Foul Ball, location: 2F
1-2: Strikes out looking
Batting: LHB Rubén Salazar 0-0: Ball
Jake Belcher steals 3rd base
Art Cameron to second
1-0: Ball
2-0: Swinging Strike
2-1: Ball
3-1: Called Strike
3-2: Strikes out swinging
Batting: RHB Steve Burton 0-0: Swinging Strike
0-1: Ball
1-1: Fly out, F4 (Line Drive, 4M)
Top of the 7th over - 0 run(s), 2 hit(s), 0 error(s), 2 left on base; Santa Clarita 2 - Yellowknife 5
BOTTOM OF THE 7TH
Yellowknife Claws batting - Pitching for Santa Clarita Music : LHP Jorge Gatán
Batting: SHB José Castillo 0-0: Called Strike
0-1: Bunt missed!
0-2: Strikes out swinging
Batting: RHB José Balina 0-0: Ball
1-0: Ground out 4-3 (Groundball, 4)
Batting: RHB Carlos Uribe 0-0: Foul Ball, location: 2F
0-1: Swinging Strike
0-2: Ball
1-2: Strikes out swinging
Bottom of the 7th over - 0 run(s), 0 hit(s), 0 error(s), 0 left on base; Santa Clarita 2 - Yellowknife 5
TOP OF THE 8TH
Santa Clarita Music batting - Pitching for Yellowknife Claws : RHP Stephen Horton
Batting: RHB António Martínez 0-0: Called Strike
0-1: Ball
1-1: Fly out, F9 (Flyball, 9M)
Batting: RHB Ricardo González 0-0: Ball
1-0: Ball
2-0: Fly out, F8 (Flyball, 8RS)
Batting: RHB Adam Gentry 0-0: Ball
1-0: Foul Ball, location: 2F
1-1: Called Strike
1-2: Ball
2-2: Ball
3-2: Base on Balls
Batting: RHB Rickey Núńez 0-0: Ball
1-0: Ground out 5-3 (Groundball, 5)
Top of the 8th over - 0 run(s), 0 hit(s), 0 error(s), 1 left on base; Santa Clarita 2 - Yellowknife 5
BOTTOM OF THE 8TH
Yellowknife Claws batting - Pitching for Santa Clarita Music : LHP Jorge Gatán
Pitching: RHP Miguel Reyes
Batting: RHB Cris Lugo 0-0: Ball
1-0: Fly out, F3 (Popup, 3D)
Batting: RHB Scotty Hicks 0-0: Ball
1-0: Ball
2-0: Called Strike
2-1: Foul Ball, location: 2F
2-2: Ball
3-2: Foul Ball, location: 2F
3-2: Ground out 1-3 (Groundball, 15S)
Batting: LHB Howard White 0-0: Ball
1-0: Ball
2-0: Ball
3-0: Called Strike
3-1: Base on Balls
Batting: RHB Bob Bishop 0-0: Fly out, F6 (Popup, 5D)
Bottom of the 8th over - 0 run(s), 0 hit(s), 0 error(s), 1 left on base; Santa Clarita 2 - Yellowknife 5
TOP OF THE 9TH
Santa Clarita Music batting - Pitching for Yellowknife Claws : RHP Stephen Horton
Batting: RHB Jake Belcher 0-0: Ball
1-0: Called Strike
1-1: Foul Ball, location: 2F
1-2: Ball
2-2: SINGLE (Line Drive, 6D)
Batting: RHB Art Cameron 0-0: Ball
1-0: Ball
2-0: Fly out, F7 (Flyball, 7M)
Batting: RHB Travis Colbert 0-0: Ball
Wild Pitch!
Jake Belcher to second
1-0: SINGLE (Line Drive, 7S)
Jake Belcher to third
Runner from 3rd tries for Home, SAFE, no throw or cutoff
Batting: LHB Rubén Salazar 0-0: Ball
1-0: SINGLE (Line Drive, 34)
Travis Colbert to second
Batting: RHB Steve Burton 0-0: Called Strike
0-1: Ball
1-1: SINGLE (Line Drive, 56)
Travis Colbert to third
Rubén Salazar to second
Batting: RHB António Martínez 0-0: Called Strike
0-1: SINGLE (Line Drive, 56D)
Travis Colbert scores
Rubén Salazar to third
Steve Burton to second
Pinch Hitting: RHB Justin Geoghegan 0-0: Foul Ball, location: 2F
0-1: Called Strike
0-2: Foul Ball, location: 2F
0-2: SINGLE (Groundball, 56D)
Rubén Salazar scores
Steve Burton to third
António Martínez to second
Batting: RHB Adam Gentry 0-0: Fly out, F3 (Popup, 3L)
Batting: RHB Rickey Núńez 0-0: Ball
1-0: SINGLE (Line Drive, 4M)
Steve Burton scores
António Martínez to third
Justin Geoghegan to second
Runner from 3rd tries for Home, SAFE, no throw or cutoff
Batting: RHB Jake Belcher 0-0: Ball
1-0: Called Strike
1-1: Ball
2-1: Fly out, F6 (Line Drive, 6D)
Top of the 9th over - 5 run(s), 7 hit(s), 0 error(s), 2 left on base; Santa Clarita 7 - Yellowknife 5
BOTTOM OF THE 9TH
Yellowknife Claws batting - Pitching for Santa Clarita Music : RHP Miguel Reyes
Pitching: LHP John Jorgensen
Now at C: Joe Wiggs
Batting: RHB Alan Williams 0-0: SINGLE (Flyball, 4D)
Batting: RHB Fernando Álvarez 0-0: Ball
1-0: SINGLE (Line Drive, 34)
Alan Williams to second
Batting: SHB José Castillo 0-0: Called Strike
0-1: Ball
1-1: Sac Bunt - play at first, batter OUT! 1-3
Alan Williams to third
Fernando Álvarez to second
Batting: RHB José Balina 0-0: Foul Ball, location: 2F
0-1: Swinging Strike
0-2: Ball
1-2: Ball
2-2: Ball
3-2: DOUBLE (Groundball, 5L)
Alan Williams scores
Fernando Álvarez scores
Batting: RHB Carlos Uribe 0-0: Ball
1-0: Ball
2-0: Swinging Strike
2-1: Ball
3-1: Base on Balls
Batting: RHB Cris Lugo 0-0: Ball
1-0: Called Strike
1-1: Foul Ball, location: 2F
1-2: Fly out, F4 (Popup, 34)
Batting: RHB Scotty Hicks 0-0: Foul Ball, location: 2F
0-1: Ball
1-1: Ground out 5-3 (Groundball, 56S)
Bottom of the 9th over - 2 run(s), 3 hit(s), 0 error(s), 2 left on base; Santa Clarita 7 - Yellowknife 7
TOP OF THE 10TH
Santa Clarita Music batting - Pitching for Yellowknife Claws : RHP Stephen Horton
Pitching: RHP Charlie Pérez
Batting: RHB Art Cameron 0-0: Called Strike
0-1: SOLO HOME RUN (Flyball, 78XD), Distance : 435 ft
Batting: RHB Travis Colbert 0-0: SINGLE (Line Drive, 8RS)
Batting: LHB Rubén Salazar 0-0: Called Strike
Travis Colbert steals 2nd base
0-1: Ball
1-1: Fly out, F9 (Flyball, 9M)
Batting: RHB Steve Burton 0-0: Hit by Pitch
Batting: RHB António Martínez 0-0: Foul Ball, location: 2F
0-1: SINGLE (Line Drive, 8LS)
Travis Colbert to third
Steve Burton to second
Runner from 3rd tries for Home, SAFE, no throw or cutoff
Batting: RHB Joe Wiggs 0-0: Ball
1-0: Grounds into double play, U6-3 (Groundball, 6M)
Top of the 10th over - 2 run(s), 3 hit(s), 0 error(s), 1 left on base; Santa Clarita 9 - Yellowknife 7
BOTTOM OF THE 10TH
Yellowknife Claws batting - Pitching for Santa Clarita Music : LHP John Jorgensen
Batting: LHB Howard White 0-0: Ball
1-0: Ball
2-0: Ball
3-0: Called Strike
3-1: Swinging Strike
3-2: Ground out U3 (Groundball, 3)
Batting: RHB Bob Bishop 0-0: Ball
1-0: Called Strike
1-1: Called Strike
1-2: Strikes out swinging
Batting: RHB Alan Williams 0-0: Called Strike
0-1: Ground out 5-3 (Groundball, 5L)
Bottom of the 10th over - 0 run(s), 0 hit(s), 0 error(s), 0 left on base; Santa Clarita 9 - Yellowknife 7
Monday, December 5th, 2016 - OOTP Baseball 17.12 Build 75